 Dungeon Crawl Stone Soup version 0.32-a0-131-g9dbbe29261 (webtiles) character file.

Game seed: 5441439324898766531

101 cforsyth the Magician (level 5, -8/40 HPs)
             Began as a Djinni Hexslinger on Feb 9, 2024.
             Killed by divine providence
             ... invoked by an orc priest
              (14 damage)
             ... on level 3 of the Dungeon.
             The game lasted 00:03:35 (2298 turns).

cforsyth the Magician (Djinni Hexslinger)           Turns: 2298, Time: 00:03:36

Health: -8/40      AC:  2    Str:  7    XL:     5   Next: 4%
Gold:   142        EV: 12    Int: 17    God:
                   SH:  0    Dex: 15

rFire   + + .        a - +1 sling
rCold   x . .        (no shield)
rNeg    . . .        c - +0 robe
rPois   ∞            (no helmet)
rElec   .            (no cloak)
rCorr   .            (no gloves)
SInv    .            (boots unavailable)
Will    .....        (no amulet)
Stlth   +            (no ring)
HPRegen 0.26/turn    (no ring)
MPRegen 0.00/turn

%: infuse magic (-9 HP)
@: flying
A: sickness immunity, fire resistance 2, cold vulnerability 1, float, innate
caster, HP casting, extra vitality 1
a: no special abilities


You were on level 3 of the Dungeon.
You visited 1 branch of the dungeon, and saw 3 of its levels.

You collected 142 gold pieces.


Innate Abilities, Weirdness & Mutations

You are immune to sickness and miasma.
You are immune to poison.
Your flesh is very heat resistant. (rF++)
You are vulnerable to cold. (rC-)
You float through the air rather than walking.
You learn spells naturally, not from books.
Your magical power is your life essence.
You have superior vitality. (+4 MHP)


   Skills:
 + Level 3.1 Fighting
 - Level 1.5 Ranged Weapons
 - Level 2.1 Dodging
 + Level 3.5 Spellcasting
 + Level 3.5 Conjurations
 + Level 3.5 Hexes
 + Level 3.5 Summonings
 + Level 3.5 Necromancy
 + Level 3.5 Translocations
 + Level 3.5 Fire Magic
 + Level 3.5 Ice Magic
 + Level 3.5 Air Magic
 + Level 3.5 Earth Magic
 + Level 3.5 Alchemy


You knew the following spells:

 Your Spells              Type           Power      Damage    Failure   Level
c - Cause Fear            Hex            7%         N/A       36%         4
f - Inner Flame           Hex/Fire       15%        N/A       12%         3
l - Lesser Beckoning      Tloc           30%        N/A       6%          2
s - Slow                  Hex            60%        N/A       3%          1
X - Jinxbite              Hex            30%        N/A       6%          2
Y - Sigil of Binding      Hex            15%        N/A       12%         3
Z - Dimensional Bullseye  Hex/Tloc       7%         N/A       36%         4
Your spell library was empty.

Inventory:

Hand Weapons
 a - a +1 sling (weapon)
Armour
 c - a +0 robe (worn)
 f - a +0 helmet
Scrolls
 b - a scroll of poison
 d - a scroll of silence {unknown}
 g - a scroll of noise {unknown}
 j - a scroll of brand weapon {unknown}
 k - a scroll of fear {unknown}
 m - a scroll of enchant armour {unknown}
 n - a scroll of immolation {unknown}
Potions
 e - 2 potions of brilliance {unknown}
 h - a potion of invisibility {unknown}
 i - a potion of mutation {unknown}
 l - a potion of attraction {unknown}
 o - a potion of berserk rage {unknown}

Dungeon Overview and Level Annotations

Branches:
Dungeon (3/15)

Altars:

.#####.# ############## #......
.## #...... ..#### #......
.......... #...... ..######.####
#### #...... ............ ..#
#...... ..........######.#
#####.# ...............#.# #....#
...............#@# #######.####
........#.......o#.. ............
............................#....
........#########..........##....
........# ..#####.........
........# #..# #...###..#.
######### ........ #..#.
#.##.#########. .>.. .......


You could see an orc priest.


Message History

You shoot a sling bullet.
The sling bullet hits the orc priest but does no damage.
The orc priest is lightly wounded.
The orc priest begins to cast a cantrip, but forgets the words!
You shoot a sling bullet.
The sling bullet barely misses the orc priest.
The orc priest mumbles some strange prayers to Beogh against you.
Beogh smites you!
* * * LOW HITPOINT WARNING * * *
You shoot a sling bullet. The sling bullet hits the orc priest.
The orc priest is moderately wounded.
The orc priest begins to cast a cantrip, but forgets the words!
You shoot a sling bullet.
The sling bullet hits the orc priest but does no damage.
The orc priest is moderately wounded.
The orc priest calls down the wrath of Beogh upon you.
Pain shoots through your body!
* * * LOW HITPOINT WARNING * * *
The orc priest completely misses you.
You shoot a sling bullet.
The sling bullet hits the orc priest but does no damage.
The orc priest is moderately wounded.
The orc priest hits you with a +0 club.
* * * LOW HITPOINT WARNING * * *
You shoot a sling bullet.
The sling bullet hits the orc priest but does no damage.
The orc priest is moderately wounded.
The orc priest calls down the wrath of Beogh upon you.
Beogh smites you!
You die...

Skill      XL: |  1  2  3  4 |
---------------+-------------+-----
Spellcasting   | 3 |  3.5
Conjurations   | 3 |  3.5
Hexes          | 3 |  3.5
Summonings     | 3 |  3.5
Necromancy     | 3 |  3.5
Translocations | 3 |  3.5
Fire Magic     | 3 |  3.5
Ice Magic      | 3 |  3.5
Air Magic      | 3 |  3.5
Earth Magic    | 3 |  3.5
Alchemy        | 3 |  3.5
Fighting       | 2 3 |  3.1
Ranged Weapons | |  1.5
Dodging        | |  2.1

Action                     |  1- 3 |  4- 6 || total
---------------------------+-------+-------++-------
   Fire: Sling             |   128 |    93 ||   221
   Cast: Jinxbite          |     9 |       ||     9
 Armour: Robe              |    44 |    45 ||    89
  Dodge: Dodged            |    53 |    77 ||   130

Levels and vault maps discovered:
D:1:      ebering_trefoil_twist, layout_basic,
          shapermc_ecumenical_altar_mp_vishouse
D:2:      layout_rooms, uniq_robin
D:3:      layout_basic, nicolae_the_louvre

Notes
Turn   | Place    | Note
-------+----------+-------------------------------------------
     0 | D:1      | cforsyth the Djinni Hexslinger began the quest for the Orb.
     0 | D:1      | cforsyth set off with the following spells memorised:
                  | Jinxbite, Sigil of Binding, Inner Flame, Cause Fear,
                  | Dimensional Bullseye.
     0 | D:1      | Reached XP level 1. HP: 17/17 MP: 0/0
    72 | D:1      | Reached XP level 2. HP: 22/22 MP: 0/0
   402 | D:1      | Reached skill level 3 in Spellcasting
   402 | D:1      | Reached skill level 3 in Conjurations
   402 | D:1      | Reached skill level 3 in Hexes
   402 | D:1      | Reached skill level 3 in Summonings
   402 | D:1      | Reached skill level 3 in Necromancy
   402 | D:1      | Reached skill level 3 in Translocations
   402 | D:1      | Reached skill level 3 in Fire Magic
   402 | D:1      | Reached skill level 3 in Ice Magic
   402 | D:1      | Reached skill level 3 in Air Magic
   402 | D:1      | Reached skill level 3 in Earth Magic
   402 | D:1      | Reached skill level 3 in Alchemy
   512 | D:1      | Reached skill level 2 in Fighting
   512 | D:1      | Reached XP level 3. HP: 16/28 MP: 0/0
   512 | D:1      | Learned a level 1 spell: Slow
   790 | D:1      | Found a faded altar of an unknown god.
  1014 | D:2      | Noticed Robin
  1256 | D:1      | Killed Robin
  1257 | D:1      | Reached XP level 4. HP: 26/34 MP: 0/0
  1800 | D:2      | Reached skill level 3 in Fighting
  2249 | D:3      | Reached XP level 5. HP: 40/40 MP: 0/0
  2249 | D:3      | Learned a level 2 spell: Lesser Beckoning
  2298 | D:3      | Killed from afar by an orc priest

Vanquished Creatures
  Robin (D:1)
  2 adders (D:2)
  A dart slug (D:1)
  4 orcs (D:3)
  3 bats
  3 endoplasms
  2 giant cockroaches (D:1)
  13 goblins
  6 hobgoblins (D:1)
  7 jackals
  2 kobolds
  4 quokkas
  5 ball pythons
  2 frilled lizards (D:1)
  3 rats
58 creatures vanquished.

Table legend: (Time is in decaauts)
 A = Elapsed time spent in this place.
 B = Non-inter-level travel time spent in this place.
 C = Inter-level travel time spent in this place.
 D = Time resting spent in this place.
 E = Time spent auto-exploring this place.
 F = Levels seen in this place.
 G = Mean time per level.
                   A        B        C        D        E       F      G
               +--------+--------+--------+--------+--------+-----+--------+
         Total |   2376 |   2335 |     41 |    338 |   1485 |   3 |  792.0 |
       Dungeon |   2376 |   2335 |     41 |    338 |   1485 |   3 |  792.0 |
               +--------+--------+--------+--------+--------+-----+--------+

Top non-repeatable levels by time:
     D:1: 1521 daAuts
     D:2: 625 daAuts
     D:3: 230 daAuts

Table legend:
 A = Non-vault XP
 B = Vault XP
 C = Vault XP percentage of total XP
 D = Non-vault monster count
 E = Vault monster count
 F = Vault count percentage of total count
                 A         B        C        D         E       F
            +---------+---------+-------+---------+---------+-------
      Total |     108 |      37 |  25.5 |      45 |      13 |  22.4
            +---------+---------+-------+---------+---------+-------
        D:1 |      44 |      31 |  41.3 |      24 |      10 |  29.4
        D:2 |      48 |       6 |  11.1 |      14 |       3 |  17.6
        D:3 |      16 |       0 |   0.0 |       7 |       0 |   0.0
            +---------+---------+-------+---------+---------+-------
